 Dungeon Crawl Stone Soup version 0.19.0-2-gae57169 (webtiles) character file.

10380 mistymad the Zephyrmancer (level 11, 0/67 (68) HPs)
             Began as a Tengu Air Elementalist on Nov 6, 2016.
             Was a Priest of Sif Muna.
             Slain by Urug
             ... wielding a +0 great mace
              (3 damage)
             ... on level 11 of the Dungeon.
             The game lasted 01:02:27 (16751 turns).

mistymad the Zephyrmancer (Tengu Air Elementalist) Turns: 16751, Time: 01:02:28

HP:   0/67 (68)     AC:  6    Str: 13    XL:     11   Next: 61%
MP:   13/34         EV: 12    Int: 19    God:    Sif Muna [***...]
Gold: 566           SH:  0    Dex: 14    Spells: 7 memorised, 10 levels left

rFire  . . .     SeeInvis .     t - +9 quarterstaff of Fighting Over It {elec, Str+4}
rCold  + . .     Gourm    .     O - +1 robe {rC+}
rNeg   . . .     Faith    .     (shield currently unavailable)
rPois  +         Spirit   .     A - +2 hat
rElec  .         Reflect  .     (no cloak)
rCorr  .         Harm     .     E - +0 pair of gloves
MR     .....                    (boots unavailable)
Stlth  ++........               (no amulet)
                                C - ring of poison resistance
                                n - ring of magical power

@: repel missiles, divine energy
A: beak, talons 3, able to fly 1
a: Fly, Stop Divine Energy, Channel Magic, Renounce Religion


You were on level 11 of the Dungeon.
You worshipped Sif Muna.
Sif Muna was most pleased with you.
You were not hungry.

You visited 2 branches of the dungeon, and saw 12 of its levels.

You collected 566 gold pieces.

Inventory:

Hand Weapons
 p - the +8 shortbow "Rekutobo" {velocity, rN+}
   (You found it on level 7 of the Dungeon)

   Any arrow fired from it inflicts extra damage.
   It protects you from negative energy.
 t - the +9 quarterstaff of Fighting Over It (weapon) {elec, Str+4}
   (You found it on level 4 of the Dungeon)

   Occasionally, upon striking a foe, it will discharge some electrical energy
   and cause terrible harm.
   It affects your strength (+4).
 M - the +4 shortbow of Mijafeo {velocity, +Fly MR+}
   (You found it on level 10 of the Dungeon)

   Any arrow fired from it inflicts extra damage.
   It affects your resistance to hostile enchantments.
   It lets you fly.
Missiles
 v - 2 throwing nets (quivered)
Armour
 A - a +2 hat (worn)
 E - a +0 pair of gloves (worn)
 O - a +1 robe of cold resistance (worn)
Magical Staves
 N - an uncursed staff of cold
Jewellery
 n - a ring of magical power (left hand)
 C - a ring of poison resistance (right hand)
 G - an uncursed ring of protection from magic
 R - an uncursed ring of see invisible
Wands
 a - a wand of slowing (17/48)
 B - a wand of polymorph (7/24)
 J - a wand of iceblast (6/15)
 P - a wand of lightning (4/15)
Scrolls
 e - 6 scrolls of teleportation
 f - a scroll of immolation {unknown}
 g - 12 scrolls of remove curse
 j - a scroll of magic mapping
 k - 4 scrolls of fear
 u - a scroll of enchant armour
 x - a scroll of amnesia
 z - a scroll of blinking
 D - 5 scrolls of identify
 S - a scroll of fog
Potions
 d - 6 potions of lignification
 h - a potion of heal wounds
 m - 5 potions of curing
 o - 2 potions of haste
 q - 2 potions of berserk rage
 r - 2 potions of magic
 s - 2 potions of agility {unknown}
 w - 2 potions of mutation
 I - a potion of brilliance {unknown}
 K - a potion of might {unknown}
Books
 b - a book of Air

   Spells                             Type                      Level
   a - Shock                          Conjuration/Air              1
   b - Swiftness                      Charms/Air                   2
   c - Repel Missiles                 Charms/Air                   2
   d - Static Discharge               Conjuration/Air              3
   e - Lightning Bolt                 Conjuration/Air              5
 y - a book of Minor Magic

   Spells                             Type                      Level
   a - Magic Dart                     Conjuration                  1
   b - Blink                          Translocation                2
   c - Call Imp                       Summoning                    2
   d - Repel Missiles                 Charms/Air                   2
   e - Slow                           Hexes                        2
   f - Conjure Flame                  Conjuration/Fire             3
   g - Mephitic Cloud                 Conjuration/Poison/Air       3
 H - a Young Poisoner's Handbook

   Spells                             Type                      Level
   a - Sting                          Conjuration/Poison           1
   b - Mephitic Cloud                 Conjuration/Poison/Air       3
   c - Olgreb's Toxic Radiance        Poison                       4
   d - Alistair's Intoxication        Transmutation/Poison         5
   e - Venom Bolt                     Conjuration/Poison           5
 L - a book of Transfigurations

   Spells                             Type                      Level
   a - Irradiate                      Conjuration/Transmutation    5
   b - Statue Form                    Transmutation/Earth          6
   c - Hydra Form                     Transmutation                6
   d - Dragon Form                    Transmutation                7
Comestibles
 c - 14 bread rations
 i - 4 beef jerkies
 l - a meat ration


   Skills:
 + Level 8.1 Fighting
 - Level 2.1 Dodging
 - Level 2.0 Stealth
 + Level 9.0 Spellcasting
 + Level 12.0 Conjurations
 + Level 12.2 Air Magic


You had 10 spell levels left.
You knew the following spells:

 Your Spells              Type           Power        Failure   Level  Hunger
a - Shock                 Conj/Air       ####         1%          1    None
b - Repel Missiles        Chrm/Air       ####..       1%          2    None
c - Swiftness             Chrm/Air       ####....     1%          2    None
d - Conjure Flame         Conj/Fire      ####....     1%          3    None
e - Lightning Bolt        Conj/Air       ######....   1%          5    #####..
f - Blink                 Tloc           N/A          14%         2    None
g - Mephitic Cloud        Conj/Pois/Air  #####...     1%          3    None


Dungeon Overview and Level Annotations

Branches:
Dungeon (11/15)            Temple (1/1) D:4
   Lair: D:8-11         Orc: D:9-12

Altars:
Ashenzari
Cheibriados
Dithmenos
Elyvilon
Fedhas
Gozag
Hepliaklqana
Kikubaaqudgha
Makhleb
Nemelex Xobeh
Okawaru
Qazlal
Ru
Sif Muna
Trog
Uskayaw
Vehumet
Xom
Yredelemnul
Zin
The Shining One

Shops:
D:4 *   D:7 [   D:9 [

Annotations:
D:4 Monsterracer's ghost, amateur HOFi
D:11 Urug


Innate Abilities, Weirdness & Mutations

You have a beak for a mouth.
You have claws for feet.
You can fly.


Message History

* * * LOW HITPOINT WARNING * * *
The shadow imp hits you but does no damage.
You take 14 damage, and have 2/67 hp.
MASSIVE DAMAGE!!
You now have 17/34 mp.
The shadow imp sputters.
The shadow imp hits you but does no damage.
Urug is engulfed in noxious fumes.
Urug appears confused.
Unknown command.
Casting: Mephitic Cloud
Confirm with . or Enter, or press ? or * to list all spells.
Aiming: Lightning Bolt
Press: ? - help, Shift-Dir - straight line, f/p - Urug
Aim: Urug, wielding a great mace and wearing a scale mail (lightly wounded, confused)
You hear a mighty clap of thunder!
The bolt of lightning hits the shadow imp.
You kill the shadow imp!
Sif Muna accepts your kill.
The bolt of lightning misses Urug.
You now have 12/34 mp.
Urug hits you with a great mace.
You die...

#...## .. #....# ......
######....#####......#.
#...##....#...#..........
#........##...............
#........##.................
####....##...#..............
##.....§.§#..............
#......@................
######......o................
####...##.......................
#......##........#..............
#...............................
#...............................
#.................(.............
#.................(.....(.......
#.................(.......(<....


You could see Urug (confused).

Vanquished Creatures
  Fannar (D:10)
  3 hill giants (D:10)
  Pikel (D:3)
  A cyclops (D:11)
  A two-headed ogre (D:10)
  4 hippogriffs
  Sigmund (D:6)
  A shadow (D:11)
  A wyvern (D:10)
  2 hungry ghosts
  4 orc warriors
  4 phantoms
  A black bear (D:8)
  A sky beast (D:10)
  A necrophage (D:10)
  5 ice beasts
  An eye of draining (D:10)
  2 ogres (D:10)
  5 centaurs
  A big kobold (D:10)
  7 bullfrogs
  A water moccasin zombie (D:9)
  4 scorpions
  3 killer bees (D:10)
  3 wights (D:10)
  3 howler monkeys
  7 crimson imps
  A bullfrog zombie (D:8)
  2 centaur zombies
  6 hounds
  3 jellies
  9 orc priests
  13 orc wizards
  3 bullfrog skeletons
  5 centaur skeletons
  An iguana (D:6)
  8 worker ants
  12 adders
  4 gnolls (D:5)
  6 shadow imps
  2 oozes (D:2)
  2 adder skeletons
  A worm (D:3)
  2 dart slugs
  5 leopard geckos
  40 orcs
  3 giant cockroaches
  8 goblins
  5 hobgoblins
  15 jackals
  16 kobolds
  8 quokkas
  A ball python (D:6)
  7 bats
  4 frilled lizards
  A jackal skeleton (D:5)
  A leopard gecko skeleton (D:5)
  A quokka skeleton (D:7)
  11 rats
275 creatures vanquished.

Vanquished Creatures (others)
  2 slaves (D:4)
2 creatures vanquished.

Grand Total: 277 creatures vanquished

Notes
Turn   | Place    | Note
-------+----------+-------------------------------------------
     0 | D:1      | mistymad the Tengu Air Elementalist began the quest for the Orb.
     0 | D:1      | Reached XP level 1. HP: 10/10 MP: 4/4
   290 | D:1      | Reached XP level 2. HP: 15/15 MP: 0/6
   753 | D:1      | Learned a level 2 spell: Repel Missiles
   756 | D:1      | Learned a level 2 spell: Swiftness
  1234 | D:2      | Found a basalt altar of Yredelemnul.
  1282 | D:2      | Reached XP level 3. HP: 19/19 MP: 1/7
  2094 | D:2      | Reached XP level 4. HP: 11/24 MP: 4/9
  2253 | D:2      | Learned a level 3 spell: Static Discharge
  2630 | D:3      | Found a basalt altar of Yredelemnul.
  2679 | D:3      | Reached skill level 5 in Air Magic
  2791 | D:3      | Gained mutation: You can fly. [Tengu growth]
  2791 | D:3      | Reached XP level 5. HP: 28/28 MP: 10/10
  3200 | D:4      | Got a smoking quarterstaff
  3202 | D:4      | Identified the +9 quarterstaff of Fighting Over It {elec, Str+4} (You found it on level 4 of the Dungeon)
  3379 | D:4      | Noticed Monsterracer's ghost (amateur HOFi)
  3386 | D:4      | Noticed a slave
  3386 | D:4      | Noticed a slave
  3388 | D:4      | Noticed Pikel
  3388 | D:4      | Noticed a slave
  4004 | D:3      | Killed Pikel
  4004 | D:3      | Reached XP level 6. HP: 10/32 MP: 12/14
  4004 | D:3      | Reached XP level 7. HP: 11/36 MP: 12/15
  4012 | D:3      | Learned a level 5 spell: Lightning Bolt
  4330 | D:4      | Found a staircase to the Ecumenical Temple.
  4334 | Temple   | Entered the Ecumenical Temple
  4800 | D:4      | Found a bloodstained altar of Trog.
  4893 | D:4      | Found Jair Foi's General Store.
  5053 | D:4      | Reached skill level 5 in Spellcasting
  5053 | D:4      | Reached XP level 8. HP: 15/41 MP: 13/16
  5461 | D:5      | Entered Level 5 of the Dungeon
  5631 | D:5      | Reached skill level 1 in Fighting
  6590 | D:5      | Found an iron altar of Okawaru.
  7001 | D:6      | Noticed Sigmund
  7347 | D:6      | Found a shimmering altar of Xom.
  7425 | D:6      | Reached XP level 9. HP: 43/51 MP: 19/19
  7928 | D:6      | Learned a level 3 spell: Conjure Flame
  7931 | D:6      | Learned a level 2 spell: Blink
  7935 | D:6      | Learned a level 3 spell: Mephitic Cloud
  8035 | D:6      | Killed Sigmund
  8149 | D:6      | Found a glowing golden altar of the Shining One.
  8149 | D:6      | Found a deep blue altar of Sif Muna.
  8262 | D:6      | Became a worshipper of Sif Muna the Loreminder
  8531 | D:7      | Found Onowkioh's Armour Boutique.
  9134 | D:7      | Got a fine shortbow
  9135 | D:7      | Identified the +8 shortbow "Rekutobo" {velocity, rN+} (You found it on level 7 of the Dungeon)
 10127 | D:8      | Reached * piety under Sif Muna
 10296 | D:8      | Reached skill level 10 in Air Magic
 10404 | D:8      | Reached skill level 5 in Fighting
 10432 | D:8      | Reached XP level 10. HP: 44/59 MP: 5/21
 11509 | D:8      | Identified a scroll of acquirement
 11875 | D:9      | Reached skill level 10 in Conjurations
 12371 | D:9      | Found Camolora's Antique Armour Boutique.
 12673 | D:9      | Reached ** piety under Sif Muna
 12947 | D:10     | Entered Level 10 of the Dungeon
 13209 | D:10     | Got a crystal shortbow
 13211 | D:10     | Identified the +4 shortbow of Mijafeo {velocity, +Fly MR+} (You found it on level 10 of the Dungeon)
 13243 | D:10     | Noticed Fannar
 13253 | D:10     | Killed Fannar
 13656 | D:10     | Noticed a hill giant
 13681 | D:10     | Killed a hill giant
 13734 | D:10     | Noticed a hill giant
 13946 | D:10     | Killed a hill giant
 13946 | D:10     | Reached XP level 11. HP: 66/66 MP: 19/24
 14114 | D:10     | Noticed a hill giant
 14453 | D:10     | Killed a hill giant
 14453 | D:10     | Reached *** piety under Sif Muna
 15255 | D:11     | Noticed a cyclops
 15828 | D:11     | Killed a cyclops
 15961 | D:11     | Noticed Urug
 16747 | D:11     | HP: 2/67 [Urug/great mace (15)]
 16751 | D:11     | Slain by Urug

Skill      XL: |  1  2  3  4  5  6  7  8  9 10 11 |
---------------+----------------------------------+-----
Conjurations   | 2 3 6 8 9 11 12 | 12.0
Spellcasting   | 3 4 5 6 7 8 9 |  9.0
Air Magic      | 5 7 8 10 11 12 | 12.2
Fighting       | 3 5 7 8 |  8.1
Dodging        | |  2.1
Stealth        | |  2.0

Action                   |  1- 3 |  4- 6 |  7- 9 | 10-12 || total
-------------------------+-------+-------+-------+-------++-------
Melee: Dagger            |     1 |       |       |       ||     1
       Quarterstaff      |       |     5 |     3 |    17 ||    25
       Peck              |       |       |       |     4 ||     4
       Kick              |       |       |       |     3 ||     3
 Cast: Shock             |    92 |    76 |   198 |   103 ||   469
       Repel Missiles    |     1 |       |     2 |       ||     3
       Static Discharge  |       |     2 |       |       ||     2
       Swiftness         |       |     2 |     1 |     3 ||     6
       Lightning Bolt    |       |       |    51 |   118 ||   169
       Conjure Flame     |       |       |     8 |    17 ||    25
       Mephitic Cloud    |       |       |       |    20 ||    20
       Blink             |       |       |       |     1 ||     1
Invok: Divine Energy     |       |       |       |     1 ||     1
 Abil: Fly               |       |       |     3 |       ||     3
  Use: Scroll            |       |     6 |    13 |     2 ||    21
 Stab: Confused          |       |       |       |     1 ||     1
  Eat: Chunk             |     4 |     6 |    25 |    33 ||    68
       Meat ration       |       |       |     2 |     3 ||     5
       Fruit             |       |       |       |     7 ||     7
       Royal jelly       |       |       |       |     1 ||     1
Armor: Robe              |     8 |     1 |     9 |    33 ||    51
Dodge: Dodged            |    35 |    23 |    43 |   110 ||   211
       Deflected         |       |       |    11 |     3 ||    14
